 Dungeon Sprint DCSS version 0.27.0-1-g7a089689b8 (webtiles) character file.

Game seed: 6617730120754232598

302 styxcanada the Unseen (level 6, -5/33 HPs)
             Began as a Spriggan Brigand on Aug 18, 2021.
             Slain by a spatial vortex (6 damage)
             ... in the Dungeon (Sprint III: "The Ten Rune Challenge").
             The game lasted 00:01:42 (369 turns).

styxcanada the Unseen (Spriggan Brigand)             Turns: 369, Time: 00:01:43

Health: -5/33      AC:  5    Str:  9    XL:     6   Next: 14%
Magic:  7/7        EV: 20    Int: 13    God:
Gold:   21         SH:  0    Dex: 18    Spells: 5/5 levels left

rFire    . . .     SeeInvis +   a - +2 dagger
rCold    . . .     Faith    .   (shield restricted)
rNeg     . . .     Spirit   .   b - +0 robe
rPois    .         Reflect  .   (helmet restricted)
rElec    .         Harm     .   c - +0 cloak
rCorr    .         Rampage  .   (gloves unavailable)
Will     +....     NoTele   +   (boots unavailable)
Stlth    ++++++....             (no amulet)
HPRegen  0.11/turn              (no ring)
MPRegen  0.10/turn              (no ring)

@: very quick
A: very small, no large weapons, unfitting armour, see invisible, speed 3,
iridescent scales 1, strong 1
a: no special abilities


You were in the Dungeon.
You visited 1 branch You collected 21 gold pieces.

Inventory:

Hand Weapons
 a - a +2 dagger (weapon)
Missiles
 d - 8 poisoned darts (quivered)
 e - 2 curare-tipped darts
 l - 21 stones
Armour
 b - a +0 robe (worn)
 c - a +0 cloak (worn)
Scrolls
 k - a scroll of blinking
 n - a scroll of torment {unknown}
 o - 4 scrolls of identify
 q - a scroll of holy word {unknown}
Potions
 f - a potion of curing
 g - a potion of heal wounds
 h - a potion of haste
 i - 2 potions of magic
 j - a potion of berserk rage
 m - 4 potions of mutation
 p - 4 potions of flight


   Skills:
 * Level 3.6 Fighting
 + Level 4.1 Short Blades
 + Level 3.4 Throwing
 * Level 5.7 Dodging
 * Level 16.1 Stealth


You had 5 spell levels left.
You didn't know any spells.
Your spell library contained the following spells:

 Spells                   Type           Power      Damage    Failure   Level
 Beastly Appendage        Tmut           0%         N/A       30%         1
 Wereblood                Tmut           0%         N/A       43%         2
 Spider Form              Tmut/Pois      0%         N/A       67%         3


Dungeon Overview and Level Annotations

Branches:
Dungeon (1/1)

Altars:
Cheibriados
Fedhas
Gozag
Hepliaklqana
Makhleb
Nemelex Xobeh
Qazlal
Xom
Jiyva
Lugonu


Innate Abilities, Weirdness & Mutations

You are very small and have problems with some larger weapons.
You are too small for most types of armour.
You have supernaturally acute eyesight. (SInv)
You cover ground extremely quickly. (Speed+++)
You are partially covered in iridescent scales. (AC +2)
Your muscles are strong. (Str +2)


Message History

You open the door.
A jelly comes into view.
A shadow comes into view.
There is an open door here.
The helpless shadow fails to defend itself.
You spit the shadow like a pig!!!
You destroy the shadow!
Your Fighting skill increases to level 3!
Your Short Blades skill increases to level 4!
Your Throwing skill increases to level 3!
Your Dodging skill increases to level 5!
Your Stealth skill gained 3 levels and is now at level 15!
You have reached level 5!
You feel clever.
You have reached level 6!
Your experience leads to an increase in your attributes!
Your base attributes are Str 7, Int 13, Dex 17.
Increase (S)trength, (I)ntelligence, or (D)exterity?
You feel agile.
The helpless jelly fails to defend itself.
You stick the jelly like a pincushion!!!!
You kill the jelly!
Your Stealth skill increases to level 16!
You open the door.
A spatial vortex comes into view.
Found five altars.
Found a lightning rod (4/4).
Found five altars.
There is an open door here.
There is a snail-covered altar of Cheibriados here.
You hit the spatial vortex.
The spatial vortex is lightly damaged.
The spatial vortex hits you!!
Ouch! That really hurt!
Space bends around you.
There is a burning altar of Makhleb here.
There is a shimmering altar of Xom, spattered with blood here.
The spatial vortex hits you!
* * * LOW HITPOINT WARNING * * *
Space bends around you.
You die...

#### ##.# ...#####..#
....#..#..#
#)..#..#..###+#+###+##
##..##'#..#..........#
##..###.†.'.⌠........#
#..####...#...######'#
#†.###....#.⌠.#__#...#
...##.....#...#v@#...#
...#......#+###__#...#
.##.#.....# #__#...+
.#####....# #__'...#
▓▓ ▓▓▓▓▓▓ ▓▓▓▓▓▓▓▓


You could see a spatial vortex.

Vanquished Creatures
  A shadow (D)
  A water elemental (D)
  A jelly (D)
  Jessica (D)
  A human (D)
  A wolf (D)
  An endoplasm (D)
  2 rats (D)
9 creatures vanquished.

Vanquished Creatures (others)
  2 plants (D)
2 creatures vanquished.

Grand Total: 11 creatures vanquished

Notes
Turn   | Place    | Note
-------+----------+-------------------------------------------
     0 | D        | styxcanada the Spriggan Brigand began the quest for the
                  | Orb.
     0 | D        | Reached XP level 1. HP: 10/10 MP: 2/2
    10 | D        | Reached skill level 6 in Stealth
    24 | D        | Noticed Jessica
    36 | D        | Killed Jessica
    37 | D        | Reached skill level 9 in Stealth
    37 | D        | Reached XP level 2. HP: 6/15 MP: 3/3
   220 | D        | Reached XP level 3. HP: 18/18 MP: 4/4
   236 | D        | Reached skill level 10 in Stealth
   240 | D        | Reached skill level 11 in Stealth
   251 | D        | Gained mutation: You are partially covered in iridescent
                  | scales. (AC +2) [potion of mutation]
   251 | D        | Gained mutation: Your muscles are strong. (Str +2) [potion
                  | of mutation]
   340 | D        | Noticed a water elemental
   343 | D        | Killed a water elemental
   344 | D        | Reached skill level 12 in Stealth
   344 | D        | Reached XP level 4. HP: 23/23 MP: 5/5
   354 | D        | Noticed a shadow
   356 | D        | Killed a shadow
   357 | D        | Reached skill level 5 in Dodging
   357 | D        | Reached skill level 15 in Stealth
   357 | D        | Reached XP level 5. HP: 28/28 MP: 6/6
   357 | D        | Reached XP level 6. HP: 32/32 MP: 7/7
   361 | D        | Reached skill level 16 in Stealth
   363 | D        | Found a blossoming altar of Fedhas.
   363 | D        | Found a stormy altar of Qazlal.
   363 | D        | Found a snail-covered altar of Cheibriados.
   363 | D        | Found a burning altar of Makhleb.
   363 | D        | Found a shimmering altar of Xom.
   363 | D        | Noticed a spatial vortex
   364 | D        | Found a hazy altar of Hepliaklqana.
   364 | D        | Found an opulent altar of Gozag.
   364 | D        | Found a sparkling altar of Nemelex Xobeh.
   364 | D        | Found a corrupted altar of Lugonu.
   364 | D        | Found a viscous altar of Jiyva.
   369 | D        | HP: 1/33 [spatial vortex (9)]
   369 | D        | Slain by a spatial vortex

Illustrated notes

Levels and vault maps discovered:
D:        dungeon_sprint_mu [sprint_mu_entry_cave, sprint_mu_temple_rooms,
          sprint_mu_d1_spiders, sprint_mu_d2_genie, sprint_mu_d3_branching,
          sprint_mu_orc_legion, sprint_mu_elf_gauntlet, sprint_mu_hive_nellie,
          sprint_mu_lair_fedhas, sprint_mu_vaults_butterflies,
          sprint_mu_slime_circle, sprint_mu_swamp_cave, sprint_mu_snake_twists,
          sprint_mu_blade_basic, sprint_mu_crypt_lich, sprint_mu_tomb_spiral,
          sprint_mu_vestibule_basic, sprint_mu_gehenna_hellfire,
          sprint_mu_dis_giant, sprint_mu_tartarus_statrot,
          sprint_mu_cocytus_islands, sprint_mu_zot1]

Skill      XL: |  1  2  3  4  5  6 |
---------------+-------------------+-----
Stealth        | 9 12 15 16 | 16.1
Fighting       | 2 3 |  3.6
Dodging        | 2 4 5 |  5.7
Short Blades   | 3 4 |  4.1
Throwing       | 3 |  3.4

Action                   |  1- 3 |  4- 6 || total
-------------------------+-------+-------++-------
Melee: Dagger            |     8 |     3 ||    11
Throw: Dart              |     4 |       ||     4
  Use: Potion            |     1 |       ||     1
 Stab: Sleeping          |     5 |     2 ||     7
Armor: Robe              |     1 |       ||     1
Dodge: Dodged            |     2 |       ||     2
